 Dungeon Crawl Stone Soup version 0.30.1-8-g117510f58f (webtiles) character file.

Game seed: 15245517091025690136

1488 monsoonserge the Grave Robber (level 8, 0/56 HPs)
             Began as a Mummy Necromancer on Sept 22, 2023.
             Engulfed by a cloud of steam (18 damage)
             ... on level 6 of the Dungeon.
             The game lasted 00:15:50 (4964 turns).

monsoonserge the Grave Robber (Mummy Necromancer)   Turns: 4964, Time: 00:15:51

Health: 0/56       AC:  4    Str: 12    XL:     8   Next: 51%
Magic:  18/23      EV: 16    Int: 16    God:
Gold:   304        SH:  0    Dex: 12    Spells: 7/17 levels left

rFire   x . .        w - +5 flail (heavy)
rCold   + . .        (no shield)
rNeg    + + +        h - +0 leather armour
rPois   ∞            k - +0 helmet
rElec   .            (no cloak)
rCorr   .            (no gloves)
SInv    .            (no boots)
Will    +....        v
                       - Hermit's Pendant {Faith Invo=14 Evo=0 MP+5}
Stlth   ++           p - +5 ring of evasion
HPRegen 0.29/turn    (no ring)
MPRegen 0.18/turn

%: faith
@: no status effects
A: cold resistance 1, negative energy resistance 3, torment resistance 2, heat
vulnerability 1, in touch with death 1, no potions, faith
a: no special abilities


You were on level 6 of the Dungeon.
You visited 1 branch of the dungeon, and saw 6 of its levels.

You collected 304 gold pieces.

Inventory:

Hand Weapons
 d - a +0 dagger
 e - a +0 mace
 l - a +0 shortbow
 m - a +0 quarterstaff
 o - a +0 war axe
 q - a +0 rapier
 r - a +0 flail
 w - a +5 heavy flail (weapon)
Missiles
 c - 2 boomerangs of dispersal
 t - 4 silver boomerangs (quivered)
Armour
 a - a +0 robe
 h - a +0 leather armour (worn)
 k - a +0 helmet (worn)
 A - a +0 ring mail
Magical Staves
 z - a staff of cold
Jewellery
 p - a +5 ring of evasion (left hand)
 v - the Hermit's Pendant (around neck) {Faith Invo=14 Evo=0 MP+5}
   (You found it on level 3 of the Dungeon)

   [amulet of faith]

   Invo=14: It sets your Invocations skill to 14.
   Evo=0: It sets your Evocations skill to 0.
   It allows you to gain divine favour quickly.
   MP:        It affects your magic capacity (+5).
 x - a ring of ice
Scrolls
 b - 3 scrolls of identify {unknown}
 f - a scroll of enchant weapon {unknown}
 g - 4 scrolls of teleportation {unknown}
 i - 2 scrolls of amnesia {unknown}
 j - 3 scrolls of blinking {unknown}
 n - 2 scrolls of vulnerability {unknown}
 s - a scroll of poison {unknown}
 u - a scroll of noise {unknown}
 y - a scroll of immolation {unknown}
 B - a scroll of fog {unknown}


   Skills:
 + Level 1.8 Fighting
 + Level 2.1(2.4) Maces & Flails
 + Level 1.5(2.1) Staves
 * Level 3.0 Armour
 + Level 2.2 Dodging
 + Level 2.2 Stealth
 - Level 5.0 Spellcasting
 + Level 7.4 Necromancy
 * Level 3.4 Translocations


You had 7 spell levels left.
You knew the following spells:

 Your Spells              Type           Power      Damage    Failure   Level
a - Necrotise             Necr           100%       1d9       1%          1
b - Vampiric Draining     Necr           41%        2d8       2%          3
c - Blink                 Tloc           28%        N/A       8%          2
d - Animate Dead          Necr           41%        N/A       9%          4

Your spell library contained the following spells:

 Spells                   Type           Power      Damage    Failure   Level
 Lesser Beckoning         Tloc           28%        N/A       8%          2
 Momentum Strike          Conj/Tloc      18%        3d8       14%         2
 Agony                    Necr           41%        N/A       26%         5
 Borgnjor's Revivificati  Necr           Unusable   N/A       N/A         8
 Necromutation            Tmut/Necr      Unusable   N/A       N/A         8
 Death's Door             Necr           Unusable   N/A       N/A         9

Dungeon Overview and Level Annotations

Branches:
Dungeon (6/15)
 Temple: D:4-7

Altars:
Cheibriados
Hepliaklqana
Uskayaw
Vehumet
Xom

Shops:
D:5 ?


Innate Abilities, Weirdness & Mutations

You are immune to poison.
Your flesh is cold resistant. (rC+)
You are immune to negative energy. (rN+++)
You are immune to unholy pain and torment.
You are vulnerable to heat. (rF-)
You are in touch with the powers of death.
You do not drink.
You have a special connection with the divine. (Faith)


Message History

You bludgeon the steam dragon!!
The steam dragon is severely wounded.
The steam dragon breathes steam at you. The ball of steam misses you.
The ball of steam hits your orc skeleton!!
Your orc skeleton is destroyed!
The steam dragon bites you. The steam dragon closely misses you.
Casting: Necrotise (safe; 1% risk of failure)
Confirm with . or Enter, or press ? or * to list all spells.
Aiming: Necrotise (safe; 1% risk of failure)
Press: ? - help, Shift-Dir - straight line, f - steam dragon
Aim: a steam dragon (severely wounded, chance to affect: 83%)
You feel a surge of power!
The steam dragon writhes in agony.
You are engulfed in a cloud of scalding steam.
The steam dragon breathes steam at you. The ball of steam misses you.
Casting: Necrotise (safe; 1% risk of failure)
Confirm with . or Enter, or press ? or * to list all spells.
Aiming: Necrotise (safe; 1% risk of failure)
Press: ? - help, Shift-Dir - straight line, f/p - steam dragon
Aim: a steam dragon (steam, severely wounded, chance to affect: 83%)
You feel a surge of power!
The steam dragon barely resists.
You are engulfed in a cloud of scalding steam.
The steam dragon bites you but does no damage.
The steam dragon claws you.
* * * LOW HITPOINT WARNING * * *
The steam dragon bites you but does no damage.
The steam dragon misses you.
Unknown command.
Casting: Necrotise (safe; 1% risk of failure)
Confirm with . or Enter, or press ? or * to list all spells.
Aiming: Vampiric Draining (dangerous; 2% risk of failure)
Press: ? - help, Shift-Dir - straight line, f/p - steam dragon
Aim: a steam dragon (severely wounded)
You feel a surge of power!
You draw life force from the steam dragon!
You kill the steam dragon!
You feel life coursing into your body.
You are engulfed in a cloud of scalding steam.
You die...

#.... #...> ###
#.... ##<## #....
#...#
######.♣.######
##...##...##...##
#>.♣).##.##..♣.<#
##....##.##'@§.##
######....§#####
#.......♣§####.#
#.......§......#
#.........######
#.<.......#
#.........#
######.#### #.#


There were no monsters in sight!

Vanquished Creatures
  A steam dragon (D:6)
  Menkaure (D:5)
  Edmund (D:4)
  2 ice beasts (D:5)
  5 ogres
  4 scorpions
  A hound (D:4)
  2 jellies
  A sleepcap (D:4)
  3 iguanas
  12 adders
  2 white imps
  An ufetubus (D:4)
  3 worms (D:2)
  8 orcs
  5 ball pythons
  8 bats
  4 endoplasms
  3 giant cockroaches
  6 goblins
  8 hobgoblins
  2 jackals (D:5)
  4 kobolds
  2 quokkas
  3 frilled lizards (D:1)
  3 rats
95 creatures vanquished.

Vanquished Creatures (collateral kills)
  An endoplasm (D:1)
  A giant cockroach (D:3)
  A goblin (D:3)
  A quokka (D:2)
  2 rats
6 creatures vanquished.

Grand Total: 101 creatures vanquished

Notes
Turn   | Place    | Note
-------+----------+-------------------------------------------
     0 | D:1      | monsoonserge the Mummy Necromancer began the quest for the
                  | Orb.
     0 | D:1      | Reached XP level 1. HP: 13/13 MP: 4/4
   288 | D:1      | Reached XP level 2. HP: 16/19 MP: 3/5
  1198 | D:2      | Found a snail-covered altar of Cheibriados.
  1304 | D:2      | Learned a level 2 spell: Blink
  1334 | D:2      | Gained mutation: You are in touch with the powers of death.
                  | [Mummy growth]
  1334 | D:2      | Reached XP level 3. HP: 24/24 MP: 3/7
  1873 | D:3      | Reached XP level 4. HP: 26/31 MP: 6/9
  2407 | D:3      | Found a faded altar of an unknown god.
  2407 | D:3      | Found the Hermit's Pendant {Faith Invo=14 Evo=0 MP+5}
  2413 | D:3      | Reached skill level 1 in Translocations
  2413 | D:3      | Reached XP level 5. HP: 36/36 MP: 6/11
  2674 | D:4      | Found a radiant altar of Vehumet.
  2688 | D:4      | Reached skill level 5 in Necromancy
  2760 | D:4      | Reached skill level 1 in Armour
  2766 | D:4      | Learned a level 3 spell: Vampiric Draining
  2823 | D:4      | Noticed an ogre
  2906 | D:3      | Reached skill level 1 in Staves
  2982 | D:4      | Reached XP level 6. HP: 38/42 MP: 16/16
  2991 | D:4      | Reached skill level 5 in Spellcasting
  2998 | D:4      | Noticed Edmund
  3098 | D:4      | Killed Edmund
  3210 | D:4      | Found a hazy altar of Hepliaklqana.
  3313 | D:4      | Reached XP level 7. HP: 43/47 MP: 17/17
  3317 | D:4      | Reached skill level 1 in Fighting
  3622 | D:4      | Reached skill level 6 in Necromancy
  3725 | D:5      | Entered Level 5 of the Dungeon
  3741 | D:4      | Learned a level 4 spell: Animate Dead
  3769 | D:5      | Noticed Menkaure
  3779 | D:5      | Killed Menkaure
  3780 | D:5      | Reached skill level 1 in Maces & Flails
  4039 | D:5      | Reached XP level 8. HP: 54/54 MP: 18/18
  4040 | D:5      | Found a hide-covered altar of Uskayaw.
  4168 | D:5      | Reached skill level 7 in Necromancy
  4511 | D:5      | Found Lugumika's Magic Scroll Emporium.
  4550 | D:5      | Found a shimmering altar of Xom.
  4964 | D:6      | Engulfed by a cloud of steam

Illustrated notes

Levels and vault maps discovered:
D:1:      giann_wishing_wells, layout_basic, minivault_4, minmay_pentomino_t2
D:2:      layout_loops_ring, basic_altar, small_statue_intersection
D:3:      layout_basic, mainiacjoe_overflow_six_doors_small,
          supply_closet_lemuel, minivault_25, hellmonk_guarded_unrand_hermit
D:4:      layout_gridville, nicolae_vehumet_radiance,
          mainiacjoe_overflow_alcove_1, mainiacjoe_overflow_chevrons,
          uniq_edmund
D:5:      layout_loops_cross, mainiacjoe_overflow_catwalk,
          mainiacjoe_overflow_alcove_4, serial_shops, nicolae_shop_peninsula,
          kennysheep_generic_room_15, uniq_menkaure
D:6:      layout_basic, minmay_temple_entry_slanted, serial_bayou_ford_a,
          serial_bayou_pond_d, hangedman_decor_riveting, grunt_ministairs_4

Skill      XL: |  1  2  3  4  5  6  7  8 |
---------------+-------------------------+-----
Spellcasting   | 3 4 5 |  5.0
Stealth        | 2 |  2.2
Translocations | 1 2 3 |  3.4
Necromancy     | 5 6 7 |  7.4
Armour         | 1 2 3 |  3.0
Staves         | 1 |  1.5
Fighting       | 1 |  1.8
Dodging        | 2 |  2.2
Maces & Flails | 1 2 |  2.1

Action                     |  1- 3 |  4- 6 |  7- 9 || total
---------------------------+-------+-------+-------++-------
  Melee: Unarmed           |     6 |       |       ||     6
         Mace              |     7 |       |       ||     7
         Quarterstaff      |    13 |    32 |       ||    45
         Flail             |       |     4 |    40 ||    44
   Cast: Necrotise         |    51 |    55 |    43 ||   149
         Vampiric Draining |       |    10 |     6 ||    16
   Stab: Sleeping          |     2 |       |     2 ||     4
         Distracted        |       |       |     1 ||     1
 Armour: Robe              |     5 |       |       ||     5
         Leather armour    |     3 |     7 |    15 ||    25
  Dodge: Dodged            |    32 |    72 |    84 ||   188
